 Dungeon Crawl Stone Soup version 0.31-a0-1074-g0b22e4e0f1 (webtiles) character file.

Game seed: 12047920632441213061

156907 grandjackal the Warrior (level 17, -6/176 HPs)
             Began as a Purple Draconian Gladiator on Nov 30, 2023.
             Was a High Priest of Ashenzari.
             Mangled by an emperor scorpion (24 damage)
             ... on level 3 of the Spider Nest.
             The game lasted 00:56:04 (34499 turns).

grandjackal the Warrior (DrGl)                     Turns: 34499, Time: 00:56:05

Health: -6/176     AC:  8    Str: 18 (21) XL:     17   Next: 11%
Magic:  38/38      EV: 18    Int: 14 (16) God:    Ashenzari [*****.]
Gold:   2977       SH: 15    Dex: 22      Spells: 6/33 levels left

rFire   x . .        s - +9 long sword of Ashenzari's Soothsayer {speed, rC++ Int+5, Melee, Fort} (curse)
rCold   + + .        N - +0 kite shield of the Ensconced Inaction {Self, Bglg} (curse)
rNeg    . . .        (body armour unavailable)
rPois   +            b - +0 hat of the Manifest Loss {Elem, Self} (curse)
rElec   +            H - +2 cloak "Suspicion of Ashenzari" {Melee, Alch} (curse)
rCorr   .            W - +2 pair of gloves of the Celestial Sybil {Dex+3, Bglg, Cun} (curse)
SInv    +            f - +0 pair of boots "Cosmic Orthodoxy" {Dev, Self} (curse)
Will    ++...        D - amulet of magic regeneration
Stlth   ++           v - ring "Cerac" {rElec MP+9 Str+3 Dex+2}
HPRegen 0.49/turn    K - ring of the Celestial Sage {rPois, Dev, Cun} (curse)
MPRegen 0.66/turn

%: clarity
@: corroded, very slightly contaminated, studying Transmutations
A: breathe power, AC +9, unfitting armour, cold-blooded, heat vulnerability 1
a: Breathe Dispelling Energy, Renounce Religion, Curse Item, Shatter the Chains


You were on level 3 of the Spider Nest.
You worshipped Ashenzari.
Ashenzari was extremely pleased with you.
You visited 5 branches of the dungeon, and saw 27 of its levels.
You also visited: Sewer and Bailey.

You collected 3510 gold pieces.
You spent 533 gold pieces at shops.

Inventory:

Hand Weapons
 q - a +7 double sword of chaos
 s - the cursed +9 long sword of Ashenzari's Soothsayer (weapon) {speed, rC++ Int+5, Melee, Fort}
   (You found it on level 3 of the Dungeon)

   Int+5:     It affects your intelligence (+5).
   rC++:      It greatly protects you from cold.
   It has a curse which improves the following skills: Melee Combat: Short
   Blades, Long Blades, Axes, Maces & Flails, Polearms, Staves and Unarmed
   Combat.
   Fortitude: Shields.
Missiles
 c - 6 throwing nets (quivered)
 d - 6 javelins
 o - 4 silver javelins
 F - 10 curare-tipped darts
Armour
 b - the cursed +0 hat of the Manifest Loss (worn) {Elem, Self}

   It has a curse which improves the following skills: Elements: Fire Magic, Ice
   Magic, Air Magic and Earth Magic.
   Introspection: Fighting and Spellcasting.
 f - the cursed +0 pair of boots "Cosmic Orthodoxy" (worn) {Dev, Self}
   (You found it on level 1 of the Dungeon)

   It has a curse which improves the following skills: Devices: Evocations and
   Shapeshifting.
   Introspection: Fighting and Spellcasting.
 H - the cursed +2 cloak "Suspicion of Ashenzari" (worn) {Melee, Alch}
   (You took it off Crazy Yiuf on level 5 of the Dungeon)

   It has a curse which improves the following skills: Melee Combat: Short
   Blades, Long Blades, Axes, Maces & Flails, Polearms, Staves and Unarmed
   Combat.
   Alchemy:   Poison Magic and Transmutations.
 N - the cursed +0 kite shield of the Ensconced Inaction (worn) {Self, Bglg}
   (You took it off a gnoll sergeant on level 7 of the Dungeon)

   It has a curse which improves the following skills: Introspection: Fighting
   and Spellcasting.
   Beguiling: Conjurations, Hexes and Translocations.
 W - the cursed +2 pair of gloves of the Celestial Sybil (worn) {Dex+3, Bglg, Cun}
   (You acquired it on level 13 of the Dungeon)

   It has a curse which improves the following skills: Beguiling: Conjurations,
   Hexes and Translocations.
   Cunning:   Dodging and Stealth.
Jewellery
 l - a ring of willpower
 v - the ring "Cerac" (left hand) {rElec MP+9 Str+3 Dex+2}
   (You found it on level 1 of the Spider Nest)

   [ring of magical power]

   Str+3:     It affects your strength (+3).
   Dex+2:     It affects your dexterity (+2).
   rElec:     It insulates you from electricity.
   MP+9:      It affects your magic capacity (+9).
 w - a ring of resist corrosion
 B - a +5 ring of evasion
 D - an amulet of magic regeneration (around neck)
 J - a ring of protection from fire
 K - the cursed ring of the Celestial Sage (right hand) {rPois, Dev, Cun}
   (You bought it in a shop on level 1 of the Dungeon)

   [ring of poison resistance]

   rPois:     It protects you from poison It has a curse which improves the
   following skills: Devices: Evocations and Shapeshifting.
   Cunning:   Dodging and Stealth.
 O - a ring of flight
 R - a ring of positive energy
Wands
 r - a wand of acid (12)
 x - a wand of polymorph (15)
 I - a wand of flame (40)
 S - a wand of mindburst (3)
 V - a wand of iceblast (9)
Scrolls
 e - 18 scrolls of teleportation
 g - 6 scrolls of revelation
 h - 22 scrolls of identify
 i - 6 scrolls of enchant armour
 p - 3 scrolls of immolation
 t - 3 scrolls of poison
 u - 3 scrolls of blinking
 y - 4 scrolls of fog
 Q - a scroll of summoning
 T - 6 scrolls of fear
Potions
 j - 4 potions of haste
 k - 9 potions of curing
 m - 4 potions of mutation
 n - a potion of resistance
 A - a potion of attraction
 C - 6 potions of enlightenment
 E - 2 potions of magic
 G - 3 potions of lignification
 M - 6 potions of brilliance
 P - 6 potions of heal wounds
 U - 6 potions of ambrosia
 X - a potion of invisibility
 Y - 3 potions of berserk rage
 Z - 2 potions of might
Miscellaneous
 a - a phial of floods
 z - a sack of spiders


   Skills:
 - Level 18.1(22.0) Fighting
 - Level 11.5(14.6) Long Blades
 - Level 1.7 Throwing
 - Level 6.1(9.3) Dodging
 - Level 13.3(15.3) Shields
 - Level 4.6(8.5) Spellcasting
 - Level 11.3(14.5) Conjurations
 + Level 10.4(13.6) Hexes
 + Level 14.0(16.0) Transmutations
 + Level 14.5(17.6) Evocations


You had 6 spell levels left.
You knew the following spells:

 Your Spells              Type           Power      Damage    Failure   Level
a - Apportation           Tloc           14%        N/A       17%         1
b - Slow                  Hex            100%       N/A       1%          1
c - Sigil of Binding      Hex            44%        N/A       1%          3
d - Jinxbite              Hex            88%        N/A       1%          2
e - Cause Fear            Hex            22%        N/A       1%          4
f - Fulminant Prism       Conj/Hex       22%        3d12      1%          4
g - Enfeeble              Hex            22%        N/A       52%         7
h - Irradiate             Conj/Tmut      24%        3d19      1%          5

Your spell library contained the following spells:

 Spells                   Type           Power      Damage    Failure   Level
 Magic Dart               Conj           100%       1d8       1%          1
 Sting                    Tmut/Pois      100%       1d8       1%          1
 Ensorcelled Hibernation  Hex/Ice        50%        N/A       1%          2
 Passwall                 Tmut/Erth      23%        N/A       1%          2
 Searing Ray              Conj           92%        2d7       1%          2
 Static Discharge         Conj/Air       52%        3-6/arc   1%          2
 Wereblood                Tmut           50%        N/A       1%          2
 Confusing Touch          Hex            44%        N/A       1%          3
 Iskenderun's Battlesphe  Conj           46%        2d10      1%          5
 Summon Guardian Golem    Hex/Summ       25%        N/A       3%          3
 Petrify                  Tmut/Erth      28%        N/A       7%          4
 Anguish                  Hex/Necr       12%        N/A       12%         4
 Leda's Liquefaction      Hex/Erth       12%        N/A       12%         4
 Alistair's Intoxication  Tmut/Pois      18%        N/A       19%         5
 Summon Small Mammal      Summ           20%        N/A       21%         1
 Blink                    Tloc           14%        N/A       26%         2
 Poisonous Vapours        Pois/Air       12%        N/A       26%         2
 Arcjolt                  Conj/Air       13%        1d23      26%         5
 Sublimation of Blood     Necr           5%         N/A       30%         2
 Swiftness                Air            6%         N/A       47%         3
 Call Canine Familiar     Summ           5%         N/A       52%         3
 Vampiric Draining        Necr           5%         2d6       52%         3
 Bombard                  Conj/Erth      13%        9d3       82%         6
 Manifold Assault         Tloc           7%         N/A       86%         4
 Vhi's Electric Charge    Tloc/Air       12%        N/A       86%         4
 Airstrike                Air            3%         2d(1-17)  87%         4
 Olgreb's Toxic Radiance  Pois           6%         N/A       87%         4
 Summon Lightning Spire   Summ/Air       6%         N/A       88%         4
 Lee's Rapid Deconstruct  Erth           3%         3d5*      99%         5
 Plasma Beam              Fire/Air       3%         2x1d13    100%        6
 Spellforged Servitor     Conj/Summ      13%        N/A       100%        7
 Summon Hydra             Summ           2%         N/A       100%        7


Dungeon Overview and Level Annotations

Branches:
Dungeon (15/15)            Temple (1/1) D:4            Lair (5/5) D:8
 Shoals (0/4) Lair:3       Spider (4/4) Lair:2        Slime (0/5) Lair:4
    Orc (2/2) D:11            Elf (0/3) Orc:2        Vaults (0/5) D:14
 Depths (0/4) D:15          Sewer (visited)          Bailey (visited)

Altars:
Ashenzari
Cheibriados
Dithmenos
Elyvilon
Fedhas
Gozag
Hepliaklqana
Kikubaaqudgha
Makhleb
Nemelex Xobeh
Okawaru
Qazlal
Ru
Sif Muna
Trog
Uskayaw
Vehumet
Wu Jian
Xom
Yredelemnul
Zin
The Shining One
Jiyva

Shops:
D:1 =   D:2 =   D:5 =   D:6 [**   D:9 (   D:12 **   Orc:2 [*![

Portals:
Trove: D:10 (give +6 demon trident)

Annotations:
D:3 Tollund's ghost, weakling OpSu
D:12 3 runed translucent doors, Zimovirch's ghost, journeyman HuWn
D:15 2 transporters, Xiynir's ghost, adept VSSh


Innate Abilities, Weirdness & Mutations

You can breathe bolts of dispelling energy.
Your rich purple scales are hard. (AC +9)
You cannot fit into any form of body armour.
You are cold-blooded and may be slowed by cold attacks.
You are vulnerable to heat. (rF-)


Message History

You block the emperor scorpion's attack.
The emperor scorpion misses you.
You block the emperor scorpion's attack.
You hit the emperor scorpion but do no damage.
The emperor scorpion is severely wounded.
You slash the emperor scorpion!
The emperor scorpion is severely wounded.
The emperor scorpion closely misses you.
You block the emperor scorpion's attack. x2
You hit the emperor scorpion but do no damage.
The emperor scorpion is severely wounded.
You hit the emperor scorpion but do no damage.
The emperor scorpion is severely wounded.
You block the emperor scorpion's attack. x3
You hit the emperor scorpion but do no damage.
You tail-slap the emperor scorpion, but do no damage.
The emperor scorpion is severely wounded.
You block the emperor scorpion's attack.
The emperor scorpion misses you.
You block the emperor scorpion's attack.
You closely miss the emperor scorpion.
The emperor scorpion is severely wounded.
You slash the emperor scorpion!
The emperor scorpion is severely wounded.
The emperor scorpion stings you!
* * * LOW HITPOINT WARNING * * *
The emperor scorpion closely misses you.
The emperor scorpion claws you but does no damage.
You hit the emperor scorpion but do no damage.
The emperor scorpion is severely wounded.
The emperor scorpion stings you!
* * * LOW HITPOINT WARNING * * *
The emperor scorpion closely misses you.
The emperor scorpion misses you.
You hit the emperor scorpion but do no damage.
The emperor scorpion is severely wounded.
You hit the emperor scorpion but do no damage.
The emperor scorpion is severely wounded.
The emperor scorpion stings you!!
You die...

.#####..#..#....^.#^#.#
.#.........#.........##
.#..........#.#.....####
.<..#.......^.##...###≈###
...........##.....###≈~..##
.#.#.#..#.....#.....#~....#
..>..#.....##........#....#
.^..........~.....#.#...###
...)......#.#.#s@#..^.#...###
.....#......#......#........#
......#...........#...#.^#.###
..........................#..#
..#...##...........##.......##
.......#.....#.........##..^#
##.#...........#......##..#~##
#.......#....^....##..#...^.≈#
#...^...[##.......^#..#....~##


You could see an emperor scorpion.

Vanquished Creatures
  Arachne (Spider:2)
  Rupert (D:13)
  Kirke (Spider:1)
  A storm dragon (D:12)
  An iron dragon (D:12)
  3 ghost moths (Spider:2)
  4 emperor scorpions
  2 broodmothers
  An orc warlord (Bailey)
  A dire elephant (D:15)
  A fire dragon (Lair:5)
  2 entropy weavers
  An ice dragon (Lair:5)
  A vault guard (D:14)
  3 catoblepae
  4 jorogumos (Spider:3)
  5 ogre magi
  5 radroaches
  2 death knights
  10 hydras
  2 boulder beetles
  14 two-headed ogres (Orc:2)
  5 centaur warriors
  9 death yaks
  Urug (D:10)
  4 demonic crawlers
  6 pharaoh ants
  2 skysharks
  2 sun moths (Spider:2)
  A skeletal warrior (D:15)
  6 orb spiders
  2 orc knights
  A swamp dragon (Lair:5)
  5 steelbarb worms
  A glowing orange brain (D:14)
  A lindwurm (shapeshifter) (D:15)
  3 lindwurms (Lair:5)
  3 deep elf pyromancers
  14 wolf spiders
  4 cyclopes (D:12)
  4 orc sorcerers
  5 ugly things
  4 manticores
  23 elephants
  A rust devil (D:9)
  5 black mambas
  8 cane toads
  8 torpor snails
  A gargoyle (D:13)
  A water nymph (D:15)
  4 rime drakes
  An unseen horror (D:12)
  2 kobold demonologists (D:10)
  4 freezing wraiths
  12 komodo dragons
  An ice devil (D:9)
  A tengu conjurer (D:12)
  A red devil (D:9)
  A queen bee (Lair:2)
  9 trolls
  4 guardian mummies (D:13)
  4 meliai
  4 polar bears
  7 tarantellas
  3 tyrant leeches (Lair:5)
  9 hornets
  3 blink frogs (Lair:2)
  A dream sheep (shapeshifter) (D:15)
  2 shadows
  7 culicivoras
  A vampire (D:11)
  12 slime creatures
  3 wraiths
  16 jumping spiders
  6 wyverns
  59 yaks
  A centaur simulacrum (D:12)
  3 hogs (Spider:1)
  2 steam dragons
  36 redbacks
  7 basilisks
  3 vampire mosquitoes (D:12)
  6 acid dragons
  25 water moccasins
  A swamp drake (Lair:5)
  2 black bears
  28 orc warriors
  2 sky beasts
  3 boggarts (D:14)
  20 ogres
  10 centaurs
  19 wolves
  6 kobold brigands
  23 bullfrogs
  2 gnoll sergeants
  A scorpion (D:7)
  23 wights
  20 killer bees
  3 howler monkeys
  4 electric eels
  2 hounds
  An iron imp (D:9)
  5 jellies
  Crazy Yiuf (D:5)
  11 orc priests
  A gnoll bouda (D:7)
  A sleepcap (D:6)
  6 iguanas
  37 orc wizards
  A hell rat (Lair:3)
  4 mummies (D:13)
  23 gnolls
  11 adders
  4 shadow imps
  3 white imps
  5 ufetubi
  3 worms
  A dart slug (D:3)
  86 orcs
  3 endoplasms
  14 giant cockroaches
  19 goblins
  16 hobgoblins
  4 jackals (D:1)
  6 quokkas
  10 ball pythons
  7 bats
  4 frilled lizards
  32 kobolds
  5 rats
949 creatures vanquished.

Vanquished Creatures (collateral kills)
  2 hydras
  A centaur warrior (D:13)
  A two-headed ogre (D:8)
  A cyclops (D:13)
  A cane toad (Lair:2)
  A vampire (D:13)
  2 ogres (Orc:2)
  A centaur (D:13)
  A gnoll sergeant (D:8)
  A sleepcap (D:8)
  A gnoll (Bailey)
13 creatures vanquished.

Vanquished Creatures (others)
  A hydra (D:12)
  A two-headed ogre (D:8)
  A skeletal warrior (D:8)
  A bullfrog (D:8)
4 creatures vanquished.

Grand Total: 966 creatures vanquished

Notes
Turn   | Place    | Note
-------+----------+-------------------------------------------
     0 | D:1      | grandjackal the Draconian Gladiator began the quest for the
                  | Orb.
     0 | D:1      | Reached XP level 1. HP: 17/17 MP: 1/1
    53 | D:1      | Reached XP level 2. HP: 14/25 MP: 2/2
   255 | D:1      | Found Soema's Jewellery Shop.
   596 | D:3      | Reached skill level 3 in Fighting
   596 | D:3      | Reached XP level 3. HP: 25/31 MP: 3/3
   687 | D:3      | Reached XP level 4. HP: 38/38 MP: 4/4
   687 | D:3      | Found a transporter.
   689 | D:3      | Noticed Tollund's ghost (weakling OpSu)
   942 | D:2      | Found Gaeff's Jewellery Shoppe.
  1600 | D:3      | Reached XP level 5. HP: 46/46 MP: 5/5
  1618 | D:3      | Identified the +9 long sword of Bequpan {speed, rC++ Int+5}
  1645 | D:3      | Found a transporter.
  1919 | D:4      | Reached skill level 4 in Fighting
  2048 | D:4      | Reached XP level 6. HP: 41/53 MP: 6/6
  2142 | D:4      | Reached skill level 5 in Fighting
  2142 | D:4      | Reached skill level 5 in Long Blades
  2147 | D:4      | Found a glowing drain.
  2149 | D:4      | Found a staircase to the Ecumenical Temple.
  2167 | Sewer    | Entered a sewer
  2328 | Sewer    | Your scales start taking on a rich purple colour.
  2328 | Sewer    | Reached XP level 7. HP: 61/61 MP: 7/7
  2379 | Sewer    | Reached skill level 1 in Evocations
  2390 | Sewer    | Identified the +5 whip of Tugiwn {heavy, *Noise rPois rN+
                  | Dex+3}
  2484 | D:4      | Found a radiant altar of Vehumet.
  2502 | Temple   | Entered the Ecumenical Temple
  2531 | Temple   | Became a worshipper of Ashenzari the Shackled
  2621 | D:4      | Found a sacrificial altar of Ru.
  2732 | D:4      | Found a shimmering blue altar of Sif Muna.
  2832 | D:4      | Found an iron altar of Okawaru.
  3124 | D:5      | Entered Level 5 of the Dungeon
  3126 | D:5      | Found Eteupej's Jewellery Shop.
  3184 | D:5      | Noticed Edmund
  3185 | D:5      | Edmund changed into Edmund the worm
  3185 | D:5      | Noticed Edmund
  3194 | D:5      | Killed Edmund the worm
  3212 | D:5      | Reached skill level 5 in Dodging
  3218 | D:5      | Identified the +3 spear of Jogrecud {freeze, rCorr}
  3314 | D:5      | Found a burning altar of Makhleb.
  3390 | D:5      | Learned a level 1 spell: Apportation
  3434 | D:5      | Found a stormy altar of Qazlal.
  3603 | D:5      | Found a runed translucent door.
  3604 | D:5      | Noticed Crazy Yiuf
  3605 | D:5      | Reached * piety under Ashenzari
  3614 | D:5      | Killed Crazy Yiuf
  3757 | D:6      | Reached skill level 6 in Fighting
  3757 | D:6      | Reached XP level 8. HP: 53/71 MP: 8/8
  3862 | D:1      | Bought a ring of poison resistance for 260 gold pieces
  3971 | D:6      | Found Uzodiass's Elemental Accessories.
  4116 | D:6      | Found Jyad's Neck Hole.
  4249 | D:6      | Found an ornate altar of the Wu Jian Council.
  4523 | D:6      | Reached skill level 7 in Fighting
  4600 | D:6      | Reached ** piety under Ashenzari
  4652 | D:6      | Found Jotegg's Antique Armour Shoppe.
  5319 | D:6      | Bought a buckler for 85 gold pieces
  5348 | D:7      | Reached XP level 9. HP: 69/82 MP: 9/9
  5349 | D:7      | Reached skill level 1 in Shields
  5381 | D:7      | Reached skill level 5 in Evocations
  5607 | D:7      | Reached skill level 8 in Fighting
  5785 | D:7      | Reached *** piety under Ashenzari
  6397 | D:8      | Found a staircase to the Lair.
  6469 | D:8      | Identified the +1 robe of Youthful Indiscretion {Will+}
  6527 | D:8      | Found a shimmering blue altar of Sif Muna.
  6528 | D:8      | Found an ancient bone altar of Kikubaaqudgha.
  6528 | D:8      | Found a sacrificial altar of Ru.
  6528 | D:8      | Found a sparkling altar of Nemelex Xobeh.
  6545 | D:8      | Noticed a two-headed ogre
  6545 | D:8      | Noticed a five-headed hydra
  6556 | D:8      | Killed a two-headed ogre
  6557 | D:8      | Reached XP level 10. HP: 65/94 MP: 10/10
  6566 | D:8      | Killed a five-headed hydra
  6771 | D:8      | Noticed a skeletal warrior
  6772 | D:8      | Noticed a manticore
  6772 | D:8      | Identified the +2 helmet of Sunlight {Rampage rPois rF-
                  | Will+}
  6803 | D:8      | Noticed a catoblepas
  6804 | D:8      | Noticed a centaur warrior
  6805 | D:8      | Reached skill level 9 in Fighting
  6805 | D:8      | Noticed a two-headed ogre
  6818 | D:8      | Killed a catoblepas
  6819 | D:8      | Reached skill level 5 in Shields
  6827 | D:8      | Killed a manticore
  6860 | D:8      | Killed a centaur warrior
  7900 | D:9      | Reached **** piety under Ashenzari
  7925 | D:9      | Found a sparkling altar of Nemelex Xobeh.
  7931 | D:9      | Reached skill level 1 in Spellcasting
  7934 | D:9      | Reached skill level 10 in Fighting
  7996 | D:9      | Reached XP level 11. HP: 105/106 MP: 15/15
  8034 | D:9      | HP: 2/107 [barbs]
  8421 | D:9      | Found Raacudum's Antique Weapon Shop.
  8638 | D:9      | Found a hide-covered altar of Uskayaw.
  8675 | D:10     | Entered Level 10 of the Dungeon
  8704 | D:10     | Found a shimmering altar of Xom.
  8708 | D:10     | Found a flagged portal.
  8717 | Bailey   | Entered a bailey
  9023 | Bailey   | Noticed an orc warlord
  9067 | Bailey   | Killed an orc warlord
  9068 | Bailey   | Reached skill level 10 in Long Blades
  9273 | Bailey   | Identified a scroll of acquirement
  9303 | Bailey   | Acquired a manual of Fighting
  9402 | D:10     | Found a glowing golden altar of the Shining One.
  9417 | D:10     | Identified the +5 ring mail of the Harvest {Harm Will++
                  | SInv}
  9422 | D:10     | Found a white marble altar of Elyvilon.
  9427 | D:10     | Noticed a sun demon
  9574 | D:10     | Reached skill level 11 in Fighting
  9658 | D:10     | Found a portal to a secret trove of treasure.
  9665 | D:10     | Found a glowing silver altar of Zin.
  9676 | D:10     | Found a shadowy altar of Dithmenos.
  9953 | D:10     | Noticed Urug
  9965 | D:10     | Killed Urug
 10103 | D:10     | Learned a level 1 spell: Slow
 10278 | D:11     | Found a staircase to the Orcish Mines.
 10355 | D:11     | Reached skill level 1 in Hexes
 10473 | D:11     | Reached XP level 12. HP: 53/121 MP: 24/24
 10485 | D:11     | Reached skill level 12 in Fighting
 11352 | D:12     | Learned a level 3 spell: Sigil of Binding
 11355 | D:12     | Learned a level 2 spell: Jinxbite
 11360 | D:12     | Learned a level 4 spell: Cause Fear
 11365 | D:12     | Learned a level 4 spell: Fulminant Prism
 11462 | D:12     | Noticed a centaur warrior
 11468 | D:12     | Killed a centaur warrior
 11730 | D:12     | Noticed a storm dragon
 11730 | D:12     | Noticed an iron dragon
 11752 | D:12     | Killed an iron dragon
 11753 | D:12     | Reached skill level 13 in Fighting
 11772 | D:12     | Killed a storm dragon
 11772 | D:12     | Noticed an eight-headed hydra
 11773 | D:12     | Reached skill level 5 in Hexes
 11773 | D:12     | Noticed a yaktaur captain
 11779 | D:12     | a yaktaur captain changed into a torpor snail
 12160 | D:12     | HP: 6/125 [red ugly thing (16)]
 12508 | D:12     | Found a runed translucent gate.
 12509 | D:12     | Found a runed translucent gate.
 12509 | D:12     | Found a runed translucent gate.
 12510 | D:12     | Found an opulent altar of Gozag.
 12511 | D:12     | Noticed Zimovirch's ghost (journeyman HuWn)
 12511 | D:12     | Noticed a fire giant
 12512 | D:12     | Found Karit's Assorted Antiques.
 12513 | D:12     | Found Restimiq's Assorted Antiques.
 12768 | D:12     | Reached skill level 14 in Fighting
 12768 | D:12     | Reached skill level 1 in Conjurations
 12927 | D:12     | Noticed an ogre mage
 12937 | D:12     | Killed an ogre mage
 13274 | D:12     | Noticed an eight-headed hydra
 13285 | D:12     | Killed a nine-headed hydra
 13362 | Orc:1    | Entered Level 1 of the Orcish Mines
 13378 | Orc:1    | Reached XP level 13. HP: 44/132 MP: 25/25
 13859 | Orc:2    | Entered Level 2 of the Orcish Mines
 14494 | Orc:2    | Found Luemepukk's Distillery.
 14494 | Orc:2    | Found Ybbet's Antique Armour Emporium.
 14497 | Orc:2    | Reached skill level 10 in Shields
 14500 | Orc:2    | Reached skill level 15 in Fighting
 14517 | Orc:2    | Reached skill level 5 in Conjurations
 14532 | Orc:2    | Reached skill level 16 in Fighting
 14536 | Orc:2    | Found Veboen's Antique Armour Shoppe.
 14536 | Orc:2    | Found Ohauqiewn's General Store.
 14841 | Orc:2    | Found a staircase to the Elven Halls.
 15168 | Orc:2    | Bought a potion of attraction for 39 gold pieces
 15168 | Orc:2    | Bought a potion of heal wounds for 65 gold pieces
 15170 | Orc:2    | Bought a scroll of teleportation for 42 gold pieces
 15170 | Orc:2    | Bought a scroll of teleportation for 42 gold pieces
 15397 | Lair:1   | Entered Level 1 of the Lair of Beasts
 15741 | Lair:1   | Reached XP level 14. HP: 147/147 MP: 26/26
 17435 | Lair:2   | Found a hole to the Spider Nest.
 17474 | Lair:2   | Reached skill level 17 in Fighting
 17983 | Lair:3   | Found a staircase to the Shoals.
 19975 | Lair:4   | Found an opulent altar of Gozag.
 19994 | Lair:4   | Found a staircase to the Slime Pits.
 19996 | Lair:4   | Found a viscous altar of Jiyva.
 20207 | Lair:4   | Identified the +7 war axe "Ahuckak" {pain, rF+ rN+ Str+7
                  | Int-5}
 20313 | Lair:4   | Reached skill level 18 in Fighting
 20614 | Lair:5   | Entered Level 5 of the Lair of Beasts
 21568 | Lair:5   | Reached skill level 10 in Evocations
 21568 | Lair:5   | Reached XP level 15. HP: 153/158 MP: 27/27
 21582 | Lair:5   | Learned a level 7 spell: Enfeeble
 21611 | Lair:5   | Reached skill level 1 in Transmutations
 22389 | Lair:5   | Reached skill level 5 in Transmutations
 22826 | Lair:5   | Found a runed translucent door.
 22900 | Lair:5   | Paralysed by a hornet for 2 turns
 23578 | Lair:5   | Learned a level 5 spell: Irradiate
 24546 | D:13     | Noticed Rupert
 24560 | D:13     | Killed Rupert
 24766 | D:13     | Identified the +4 rapier of Wyrd {venom, rF+ Will+ Dex+2}
 25193 | D:13     | Acquired a +2 double sword of venom
 25196 | D:13     | Acquired a +2 pair of gloves of dexterity
 25212 | D:14     | Identified the +11 mace of Ipaler {freeze, rC+}
 25504 | D:14     | Found a gate to the Vaults.
 26401 | D:15     | Entered Level 15 of the Dungeon
 26438 | D:15     | Found a transporter.
 26448 | D:15     | Noticed Xiynir's ghost (adept VSSh)
 26451 | D:15     | Noticed a frost giant
 26530 | D:15     | Found a blossoming altar of Fedhas.
 27097 | D:15     | Reached XP level 16. HP: 140/167 MP: 28/28
 27518 | D:15     | Found a transporter.
 27691 | D:15     | Found a staircase to the Depths.
 27729 | D:15     | Reached skill level 10 in Transmutations
 28062 | D:15     | Reached skill level 10 in Conjurations
 28324 | Spider:1 | Entered Level 1 of the Spider Nest
 28324 | Spider:1 | Identified the ring "Cerac" {rElec MP+9 Str+3 Dex+2}
 28384 | Spider:1 | Noticed Kirke
 28390 | Spider:1 | Killed Kirke
 28479 | Spider:1 | HP: 6/167 [radroach (7)]
 28871 | Spider:1 | Gained mutation: You are vulnerable to heat. (rF-)
                  | [mutagenic glow]
 30523 | Spider:2 | Identified the +4 quarterstaff of Zeshreschyu {spect,
                  | Int+2}
 30978 | Spider:2 | Noticed Arachne
 30994 | Spider:2 | Killed Arachne
 32019 | Spider:3 | Reached ***** piety under Ashenzari
 33271 | Spider:3 | Reached skill level 10 in Hexes
 33769 | Spider:4 | Entered Level 4 of the Spider Nest
 33778 | Spider:3 | Reached XP level 17. HP: 164/171 MP: 29/29
 34499 | Spider:3 | Mangled by an emperor scorpion

Illustrated notes

Levels and vault maps discovered:
D:1:      shiori_shiawase, layout_rooms, serial_shops, shop
D:2:      layout_loops_ring, serial_shops, nicolae_shop_gibbet_a_chance,
          dreamdust_mushroom_princess, kennysheep_generic_room_4
D:3:      layout_loops_ring, gammafunk_ghost_mausoleum, hex_tiny,
          kennysheep_generic_room_12
D:4:      layout_cave_pools, mainiacjoe_overflow_concentric_impassable,
          mainiacjoe_overflow_brackets, lemuel_crystal_altar,
          kennysheep_orc_sif_temple, minmay_temple_entry_offerings,
          portal_sewer_entry_f, nrook_mini_backslash,
          kennysheep_decorative_pillar
D:5:      layout_cave_pools, nicolae_qazlal_scattered_showers,
          mainiacjoe_overflow_24_doors, serial_shops, shop, uniq_edmund,
          uniq_crazy_yiuf_cottage
D:6:      layout_gridville, nzn_wu_jian_contemplation, serial_shops,
          kennysheep_mini, nicolae_elemental_shop, grunt_ministairs_1,
          chequers_serial_rivers_large_a, nicolae_shop_sticking_my_neck_out
D:7:      layout_basic, minmay_manual_mandibuliform
D:8:      minmay_the_grid_octo_2x2 [minmay_the_grid_octo_shrine,
          minmay_the_grid_octo_pinwheel, minmay_the_grid_octo_thin_diamonds,
          minmay_the_grid_octo_prize_big_c], layout_basic
D:9:      layout_basic, mainiacjoe_overflow_alcove_1, marbit_many_paths,
          serial_shops, shop_fountains, nicolae_demonic_statue_gallery
D:10:     layout_grid_maze, brannock_xom_greatest_gift, grunt_dithmenos_smoke,
          tso_metal_star, overflow_temple_1_default, elyvilon_altar_3,
          serial_glass, glass_columns_c, glass_columns_a,
          nicolae_trove_entry_isolated, enter_bailey_6, uniq_urug
D:11:     layout_rooms, david_orc_2, serial_corexii_hall,
          corexii_hall_statues_i, chequers_hall_statues_wall_a
D:12:     minmay_bad_star, layout_irregular_city, ebering_ghost_gozag
D:13:     layout_cave_pools, minmay_guarded_unrand_curses, uniq_rupert
D:14:     layout_stronghold, hellmonk_vaults_order_and_chaos,
          hangedman_decor_cross_pass
D:15:     hangedman_depths_entry_try_elsewhere_first, layout_loops_ring,
          gammafunk_ghost_arena, fedhas_altar_3
Temple:   hellmonk_temple_of_storms
Lair:1:   layout_cellular_growth
Lair:2:   layout_long_grid, spider_nest_entry_a, special_room
          [special_room_bee], infiniplex_staircase_pool_2, serial_bayou_shore_a,
          grunt_megastairs_5, lemuel_fruit_tree
Lair:3:   layout_cave_pods, elwin_shoals_entry_rocks, nzn_random_ring
Lair:4:   layout_gridlike, dpeg_slime_entry_corner, basic_altar
Lair:5:   wormcave, layout_hall_layers, guppyfry_lair_end_dragon,
          chequers_serial_rivers_marsh, small_statue_intersection,
          grunt_megastairs_2
Spider:1: layout_spider_delve, drop_trap, hangedman_spider_mandibles, uniq_kirke
Spider:2: layout_chambers, nicolae_spider_solar_radiation, uniq_arachne
Spider:3: layout_spider_delve, hellmonk_spider_spawner
Spider:4: grunt_spider_rune_parallel
Orc:1:    layout_caves, basic_altar
Orc:2:    st_orc_ogre_mass, layout_diamond_mine

Skill      XL: |  1  2  3  4  5  6  7  8  9 10 11 12 13 14 15 16 17 |
---------------+----------------------------------------------------+-----
Dodging        | 3 4 5 6 |  6.1
Fighting       | 3 4 5 6 7 8 10 11 14 16 18 | 18.1
Long Blades    | 4 5 6 8 9 10 11 | 11.5
Evocations     | 2 4 6 8 10 12 14 | 14.5
Shields        | 4 6 8 9 11 12 13 | 13.3
Spellcasting   | 1 4 |  4.6
Hexes          | 2 6 8 9 10 | 10.4
Conjurations   | 2 5 8 9 11 | 11.3
Transmutations | 9 13 14 | 14.0
Throwing       | |  1.7

Action                     |  1- 3 |  4- 6 |  7- 9 | 10-12 | 13-15 | 16-18 || total
---------------------------+-------+-------+-------+-------+-------+-------++-------
  Melee: Long sword        |    96 |   148 |   341 |   751 |  1630 |   898 ||  3864
         Tailslap          |    16 |    19 |    38 |   153 |   370 |   223 ||   819
         Punch             |     1 |     3 |     3 |       |       |       ||     7
  Throw: Javelin           |       |     1 |       |       |       |       ||     1
         Dart              |       |       |       |     1 |       |       ||     1
         Throwing net      |       |       |       |     1 |       |       ||     1
   Cast: Cause Fear        |       |       |       |       |     1 |       ||     1
         Irradiate         |       |       |       |       |       |     9 ||     9
 Invoke: Curse Item        |       |       |     5 |     1 |       |     1 ||     7
Ability: Breathe Dispellin |       |       |     3 |     3 |     1 |       ||     7
  Evoke: Wand              |       |       |     5 |    22 |    42 |     9 ||    78
         Sack of spiders   |       |       |       |     3 |     3 |       ||     6
         Phial of floods   |       |       |       |     1 |     1 |       ||     2
    Use: Scroll            |       |       |       |     6 |     6 |     7 ||    19
         Potion            |       |       |       |     6 |       |     3 ||     9
   Stab: Sleeping          |       |     3 |     3 |     1 |     2 |     1 ||    10
         Petrified         |       |       |       |     2 |     2 |       ||     4
         Distracted        |       |       |       |     2 |       |       ||     2
         Held in net/web   |       |       |       |     5 |       |       ||     5
 Armour: Skin              |    65 |    73 |   157 |   247 |   652 |   401 ||  1595
  Dodge: Dodged            |    81 |   106 |   247 |   233 |   611 |   414 ||  1692
  Block: Buckler           |       |       |     4 |    31 |       |       ||    35
         Kite shield       |       |       |       |   275 |   881 |   545 ||  1701

Table legend: (Time is in decaauts)
 A = Elapsed time spent in this place.
 B = Non-inter-level travel time spent in this place.
 C = Inter-level travel time spent in this place.
 D = Time resting spent in this place.
 E = Time spent auto-exploring this place.
 F = Levels seen in this place.
 G = Mean time per level.
                   A        B        C        D        E       F      G
               +--------+--------+--------+--------+--------+-----+--------+
         Total |  33139 |  31592 |   1547 |   9233 |  16044 |  29 | 1142.7 |
       Dungeon |  16003 |  15062 |    941 |   3385 |   8754 |  15 | 1066.9 |
        Temple |     49 |     29 |     20 |      0 |      0 |   1 |   49.0 |
          Lair |   9030 |   8599 |    431 |   3004 |   4047 |   5 | 1806.0 |
   Spider Nest |   5501 |   5401 |    100 |   1933 |   2497 |   4 | 1375.2 |
  Orcish Mines |   1693 |   1639 |     54 |    640 |    680 |   2 |  846.5 |
         Sewer |    288 |    288 |      0 |     37 |     45 |   1 |  288.0 |
        Bailey |    571 |    571 |      0 |    234 |     20 |   1 |  571.0 |
               +--------+--------+--------+--------+--------+-----+--------+

Top non-repeatable levels by time:
  Lair:5: 2579 daAuts
Spider:2: 2264 daAuts
  Lair:2: 1813 daAuts
  Lair:4: 1802 daAuts
  Lair:3: 1793 daAuts
    D:12: 1753 daAuts
Spider:3: 1666 daAuts
    D:11: 1500 daAuts
    D:14: 1482 daAuts
Spider:1: 1400 daAuts
     D:8: 1369 daAuts
    D:15: 1349 daAuts
     D:6: 1276 daAuts
   Orc:2: 1095 daAuts
     D:7: 1069 daAuts
